 Dungeon Crawl Stone Soup version 0.31.0-9-g3a7656b989 (webtiles) character file.

Game seed: 16006311599046644606

111 qw the Shooter (level 4, 0/22 HPs)
             Began as a Spriggan Hunter on Feb 2, 2024.
             Succumbed to a scorpion's poison
             ... on level 3 of the Dungeon.
             The game lasted 00:00:04 (1505 turns).

qw the Shooter (Spriggan Hunter)                    Turns: 1505, Time: 00:00:05

Health: 0/22       AC:  3    Str:  7    XL:     4   Next: 62%
Magic:  5/5        EV: 19    Int: 10    God:
Gold:   90         SH:  0    Dex: 20    Spells: 3/3 levels left

rFire   + . .        a - +0 shortbow
rCold   . . .        (shield currently unavailable)
rNeg    . . .        c - +0 robe
rPois   .            (helmet restricted)
rElec   .            b - +0 cloak
rCorr   .            (gloves unavailable)
SInv    +            (boots unavailable)
Will    .....        (no amulet)
Stlth   ++           g - ring of protection from fire
HPRegen 0.23/turn    (no ring)
MPRegen 0.09/turn

%: no passive effects
@: lethally poisoned (0 -> -5), very quick
A: very small, no large weapons, unfitting armour, see invisible, speed 3
a: no special abilities


You were on level 3 of the Dungeon.
You visited 1 branch of the dungeon, and saw 3 of its levels.

You collected 90 gold pieces.


Innate Abilities, Weirdness & Mutations

You are very small and have problems with some larger weapons.
You are too small for most types of armour.
You have supernaturally acute eyesight. (SInv)
You cover ground extremely quickly. (Speed+++)


   Skills:
 - Level 1.5 Fighting
 - Level 5.6 Ranged Weapons
 + Level 4.0 Dodging
 - Level 1.5 Stealth


You had 3 spell levels left.
You didn't know any spells.
Your spell library was empty.

Inventory:

Hand Weapons
 a - a +0 shortbow (weapon)
Armour
 b - a +0 cloak (worn)
 c - a +0 robe (worn)
Jewellery
 g - a ring of protection from fire (left hand)
Wands
 d - a wand of flame (3) (quivered)
Potions
 e - a potion of might
 f - a potion of invisibility {unknown}

Dungeon Overview and Level Annotations

Branches:
Dungeon (3/15)

Altars:


Message History

The scorpion stings you.
1498 ||| ZAPPING wand of flame (8) at 1,-1 (scorpion; floor).
Aiming: Throw Flame
Press: ? - help, Q - select action, (/) - cycle Shift-Dir - straight line, f/p - scorpion The puff of flame hits the scorpion but does no damage.
The scorpion is heavily wounded.
The scorpion misses you.
1499 ||| ZAPPING wand of flame (7) at 1,-1 (scorpion; floor).
Aiming: Throw Flame
Press: ? - help, Q - select action, (/) - cycle Shift-Dir - straight line, f/p - scorpion The puff of flame misses the scorpion.
The scorpion completely misses you.
1500 ||| ZAPPING wand of flame (6) at 1,-1 (scorpion; floor).
Aiming: Throw Flame
Press: ? - help, Q - select action, (/) - cycle Shift-Dir - straight line, f/p - scorpion The puff of flame hits the scorpion.
The scorpion is severely wounded.
The scorpion completely misses you.
1501 ||| ZAPPING wand of flame (5) at 1,-1 (scorpion; floor).
Aiming: Throw Flame
Press: ? - help, Q - select action, (/) - cycle Shift-Dir - straight line, f/p - scorpion The puff of flame hits the scorpion.
The scorpion is almost dead.
The scorpion stings you.
You are lethally poisoned!
The scorpion poisons you! The scorpion misses you.
1502 ||| ZAPPING wand of flame (4) at 1,-1 (scorpion; floor).
Aiming: Throw Flame
Press: ? - help, Q - select action, (/) - cycle Shift-Dir - straight line, f/p - scorpion The puff of flame hits the scorpion.
You kill the scorpion!
You feel very sick.
Your Ranged Weapons skill increases to level 5!
You have reached level 4!
There is a lethal amount of poison in your body!
You feel sick.
There is a lethal amount of poison in your body!
You feel sick.
There is a lethal amount of poison in your body!
You die...

...............
.......$.......
##....$........
...............
...............
.......[.......
........%......
.......@.......
...............
..........#..##
............##
...........##
...........#
...../....##
....[.....#


There were no monsters in sight!

Vanquished Creatures
  A scorpion (D:3)
  An adder (D:2)
  A gnoll (D:1)
  A dart slug (D:2)
  A ribbon worm (D:2)
  3 endoplasms (D:1)
  3 hobgoblins (D:1)
  5 kobolds
  2 quokkas
  3 ball pythons
  5 bats
  3 frilled lizards
  3 rats (D:1)
32 creatures vanquished.

Notes
Turn   | Place    | Note
-------+----------+-------------------------------------------
     0 | D:1      | qw the Spriggan Hunter began the quest for the Orb.
     0 | D:1      | Reached XP level 1. HP: 10/10 MP: 2/2
     0 | D:1      | 0 ||| qw: Version: 0.3-a-155-g5e7d8dd
     0 | D:1      | 0 ||| qw: Game counter: 147
     0 | D:1      | 0 ||| qw: Melee chars always use a shield: true
     0 | D:1      | 0 ||| qw: God list: Okawaru
     0 | D:1      | 0 ||| qw: Allow faded altars: false
     0 | D:1      | 0 ||| qw: Do Orc after clearing Dungeon:15 true
     0 | D:1      | 0 ||| qw: Do second Lair branch before Depths: true
     0 | D:1      | 0 ||| qw: Lair rune preference: random
     0 | D:1      | 0 ||| qw: Goals: Normal
     0 | D:1      | 0 ||| PLANNING D:1-11
    32 | D:1      | Reached skill level 3 in Dodging
   144 | D:1      | Reached XP level 2. HP: 14/14 MP: 3/3
   636 | D:1      | Reached XP level 3. HP: 18/18 MP: 4/4
   763 | D:1      | 763 ||| READING scroll labelled YKHAUM ESYMU.
   763 | D:1      | 763 ||| IDENTIFYING viscous amethyst potion
   764 | D:1      | 764 ||| DROPPING scroll of butterflies.
  1449 | D:2      | 1449 ||| UPGRADING to +0 cloak.
  1454 | D:2      | 1454 ||| UPGRADING to ring of protection from fire.
  1486 | D:3      | Noticed a scorpion
  1487 | D:3      | 1487 ||| ZAPPING wand of flame (14) at 0,6 (scorpion;
                  | floor).
  1488 | D:3      | 1488 ||| ZAPPING wand of flame (13) at 0,5 (scorpion;
                  | floor).
  1489 | D:3      | 1489 ||| ZAPPING wand of flame (12) at 0,4 (scorpion;
                  | floor).
  1490 | D:3      | 1490 ||| ZAPPING wand of flame (11) at 0,3 (scorpion;
                  | floor).
  1491 | D:3      | 1491 ||| STAIRDANCE
  1496 | D:3      | 1496 ||| ZAPPING wand of flame (10) at 1,-1 (scorpion;
                  | floor).
  1497 | D:3      | 1497 ||| ZAPPING wand of flame (9) at 1,-1 (scorpion;
                  | floor).
  1498 | D:3      | 1498 ||| ZAPPING wand of flame (8) at 1,-1 (scorpion;
                  | floor).
  1499 | D:3      | 1499 ||| ZAPPING wand of flame (7) at 1,-1 (scorpion;
                  | floor).
  1500 | D:3      | 1500 ||| ZAPPING wand of flame (6) at 1,-1 (scorpion;
                  | floor).
  1501 | D:3      | 1501 ||| ZAPPING wand of flame (5) at 1,-1 (scorpion;
                  | floor).
  1502 | D:3      | 1502 ||| ZAPPING wand of flame (4) at 1,-1 (scorpion;
                  | floor).
  1502 | D:3      | Killed a scorpion
  1502 | D:3      | HP: 3/18 [poisoned by a scorpion]
  1503 | D:3      | Reached skill level 5 in Ranged Weapons
  1503 | D:3      | Reached XP level 4. HP: 4/22 MP: 5/5
  1504 | D:3      | HP: 1/22 [poisoned by a scorpion]
  1505 | D:3      | Succumbed to a scorpion's poison

Levels and vault maps discovered:
D:1:      dpeg_arrival_rooms_a, layout_basic
D:2:      layout_basic
D:3:      layout_rooms, uniq_ijyb, uniq_robin

Skill      XL: |  1  2  3 |
---------------+----------+-----
Dodging        | 3 4 |  4.0
Ranged Weapons | 5 |  5.6
Fighting       | |  1.5
Stealth        | |  1.5

Action                     |  1- 3 |  4- 6 || total
---------------------------+-------+-------++-------
   Fire: Shortbow          |    73 |       ||    73
  Evoke: Wand              |    11 |       ||    11
    Use: Scroll            |     1 |       ||     1
 Armour: Robe              |     8 |       ||     8
  Dodge: Dodged            |    19 |       ||    19

Table legend:
 A = Non-vault XP
 B = Vault XP
 C = Vault XP percentage of total XP
 D = Non-vault monster count
 E = Vault monster count
 F = Vault count percentage of total count
                 A         B        C        D         E       F
            +---------+---------+-------+---------+---------+-------
      Total |     159 |       0 |   0.0 |      32 |       0 |   0.0
            +---------+---------+-------+---------+---------+-------
        D:1 |      41 |       0 |   0.0 |      19 |       0 |   0.0
        D:2 |      38 |       0 |   0.0 |      12 |       0 |   0.0
        D:3 |      80 |       0 |   0.0 |       1 |       0 |   0.0
            +---------+---------+-------+---------+---------+-------
